Maple Leafs vs Lightnings

Created - 7 décembre 2021 at 16:45

Goals
1 2 3 T
Maple Leafs 1 1 0 2
Lightnings 3 2 0 5
Shots
1 2 3 T
Maple Leafs 12 7 9 28
Lightnings 14 14 11 39

GoalsPenalties
1st period
1. Maple Leafs , Jamie Benn 6 (Jake Gardiner 4, Dougie Hamilton 15) at 1:11 (PP)
2. Lightnings , David Perron 6 (Timo Meier 8, Patrik Nemeth 3) at 16:40
3. Lightnings , Jesper Fast 4 (Ethan Bear 2, Travis Zajac 6) at 17:40
4. Lightnings , Victor Hedman 6 (David Perron 7, Evgeny Kuznetsov 6) at 18:33 (PP)
Vincent Trocheck (TAM) for Holding (Minor) at 0:55
Nikita Zadorov (TOR) for Slashing (Minor) at 18:06
2nd period
5. Maple Leafs , Marcus Pettersson 4 (Jakub Vrana 9, Jeff Carter 11) at 1:35 (PP)
6. Lightnings , Brandon Saad 5 (Jesper Fast 3, Shea Theodore 10) at 6:41
7. Lightnings , Timo Meier 6 (David Perron 8, MacKenzie Weegar 9) at 15:45
MacKenzie Weegar (TAM) for Cross-checking (Minor) at 0:56
Nick Suzuki (TAM) for Charging (Minor) at 1:27
Dougie Hamilton (TOR) for Hooking (Minor) at 12:18
Josh Anderson (TAM) for Slashing (Minor) at 16:27
Carl Gunnarsson (TOR) for Roughing (Minor) at 16:27
3rd period
No Goal
Nikita Zadorov (TOR) for Roughing (Minor) at 4:37
Jake Gardiner (TOR) for Hooking (Minor) at 11:51
Nikita Zadorov (TOR) for Interference (Minor) at 15:52
Nikita Zadorov (TOR) for Interference (Minor) at 18:25
Juuse Saros (TOR) for Delaying the game (Minor) at 19:20 - Jamie Benn served the penalty.
Goalie Stats
Juuse Saros (TOR), 19 saves from 20 shots - (0,950), 33:19 minutes
Aaron Dell (TOR), 15 saves from 19 shots - (0,789), L, 0-1-0, 26:41 minutes
Andrei Vasilevskiy (TAM), 26 saves from 28 shots - (0,929), W, 11-4-2, 60:00 minutes
3 StarsOfficial
1 - David Perron (TAM)
2 - Jesper Fast (TAM)
3 - Timo Meier (TAM)
Referees : Trevor Hanson and Wes McCauley
Linesman : Darren Gibbs and Michel Cormier
Game Note
Juuse Saros enters game at 6:41 of 2nd period
Finance
Level 1 -- Attendance: 3167 (63,34%) -- Ticket Income 364 205 $
Level 2 -- Attendance: 2988 (74,70%) -- Ticket Income 194 220 $
Level 3 -- Attendance: 2048 (68,27%) -- Ticket Income 92 160 $
Level 4 -- Attendance: 3029 (75,73%) -- Ticket Income 75 725 $
Luxury Box -- Attendance: 574 (57,40%) -- Ticket Income 143 500 $
Game was played at the Amalie Arena.
Total Attendance: 11806 (69,45%)
Total Ticket Income: 869 810 $
Other Income: 426 207 $
Total Income: 1 296 017 $



Team Name Goals Shots Shots Attemp Shots Blocked PIM HIT PP PK FO%
Maple Leafs 228421216172 / 3 (67%)146%
Lightnings 5396458271 / 7 (14%)254%

Maple Leafs
Player Name POS G A P +/- PIM HIT SHT SB MP PP MP PP SHT PK MP PK SHT FO% FOT
Alexander RadulovLW/RW000-2012013:531:1800:00033% 3
Brendan GallagherRW0000012016:411:2800:0000% 0
Carl GunnarssonD000-1201219:080:0006:5600% 0
Carter RowneyC/RW000-1023010:530:0005:18044% 16
Dougie HamiltonD011-2211125:341:2804:2410% 0
Jaccob SlavinD000-2012424:180:0005:2400% 0
Jake EvansC/RW000-2031215:390:0004:14140% 20
Jake GardinerD011-1200017:171:2800:5000% 0
Jakub VranaLW/RW011-1002016:221:1800:0000% 0
Jamie BennC101-1011019:361:2814:14043% 30
Jeff CarterC/LW0110011015:421:1800:00057% 23
Marcus PetterssonD101-1012114:421:1810:0100% 0
Michael GrabnerLW/RW000-1000010:390:0005:0400% 1
Nikita ZadorovD000-1830217:360:0002:1900% 0
Patrik LaineLW/RW000-1025015:371:1820:251100% 2
Rudolfs BalcersLW000-2002011:250:0000:0000% 1
Taylor HallLW0000003016:411:2800:000100% 2
William CarrierLW000-100005:350:0000:0000% 1
Lightnings
Player Name POS G A P +/- PIM HIT SHT SB MP PP MP PP SHT PK MP PK SHT FO% FOT
Artemi PanarinLW0000018019:203:5620:00033% 3
Brandon SaadLW/RW1012002012:490:0001:0100% 3
David PerronLW/RW1232015017:115:2320:000100% 1
Ethan BearD0112000014:080:0001:3800% 0
Evgeny KuznetsovC0110012019:244:2400:43038% 26
Jesper FastRW1122022012:330:0001:3700% 0
Josh AndersonLW/RW0000232012:404:2400:00033% 3
MacKenzie WeegarD0111210021:404:3400:4600% 0
Mathieu PerreaultLW/RW000000108:170:0000:000100% 1
Matt NiskanenD0001050116:591:3701:0000% 0
Nick SuzukiC/RW0000211015:290:0000:20050% 2
Patrik NemethD0112001012:370:0000:2200% 0
Sam ReinhartC/RW0000002014:315:3310:41067% 9
Shea TheodoreD0111012022:373:5600:0000% 0
Timo MeierLW/RW1122014016:124:2410:0000% 0
Travis ZajacC0112000013:341:3701:01071% 17
Victor HedmanD1011043426:354:2421:4600% 0
Vincent TrocheckC/RW0002264018:275:3310:00059% 34

Maple Leafs

5 vs 5 Forward
Line #Left WingCenterRight WingPHYDFOFWanted %Time %Time Play
1Jakub VranaJamie BennPatrik Laine0143031%13:54
2Taylor HallJeff CarterBrendan Gallagher0233032%14:24
3Rudolfs BalcersJake EvansAlexander Radulov0232525%11:25
4William CarrierCarter RowneyMichael Grabner0231512%5:35
5 vs 5 Defense
Line #DefenseDefensePHYDFOFWanted %Time %Time Play
1Jaccob SlavinDougie Hamilton0413536%16:08
2Jake GardinerNikita Zadorov0413031%14:11
3Marcus PetterssonCarl Gunnarsson0502527%12:13
4Jaccob SlavinDougie Hamilton131106%2:46
Power Play Forward
Line #Left WingCenterRight WingPHYDFOFWanted %Time %Time Play
1Taylor HallJamie BennBrendan Gallagher0055053%1:28
2Jakub VranaJeff CarterAlexander Radulov0145047%1:18
Power Play Defense
Line #DefenseDefensePHYDFOFWanted %Time %Time Play
1Jake GardinerDougie Hamilton0415053%1:28
2Marcus PetterssonPatrik Laine0415047%1:18
Penalty Kill 4 Players Forward
Line #CenterWingPHYDFOFWanted %Time %Time Play
1Jamie BennJake Evans0325046%4:14
2Carter RowneyMichael Grabner0415054%5:04
Penalty Kill 4 Players Defense
Line #DefenseDefensePHYDFOFWanted %Time %Time Play
1Jaccob SlavinDougie Hamilton0505023%2:10
2Carl GunnarssonNikita Zadorov0505077%7:08
Penalty Kill 3 Players
Line #WingPHYDFOFWanted %Time %Time PlayDefenseDefensePHYDFOFWanted %Time %Time Play
1Jamie Benn1225064%0:25 Jaccob SlavinCarl Gunnarsson050500%0:00
2Carter Rowney0415036%0:14 Nikita ZadorovDougie Hamilton14050100%0:39
4 vs 4 Forward
Line #CenterWingPHYDFOFWanted %Time %Time Play
1Taylor HallBrendan Gallagher0145041%0:49
2Alexander RadulovJakub Vrana0235059%1:10
4 vs 4 Defense
Line #DefensePHYDFOFWanted %Time %Time Play
1Jake GardinerDougie Hamilton0415041%50% - 0:49
2Marcus PetterssonNikita Zadorov0415059%50% - 1:10
Last Minutes Offensive
Left WingCenterRight WingDefenseDefense
Taylor HallJamie BennPatrik LaineJaccob SlavinDougie Hamilton
Last Minutes Defensive
Left WingCenterRight WingDefenseDefense
Michael GrabnerCarter RowneyJake EvansJaccob SlavinDougie Hamilton
Time
Total ForwardTotal DefenseLast Minutes OffensiveLast Minutes Defensive
60:00 60:00 0:000:00
Extra Forwards
Normal PowerPlayPenalty Kill
Taylor Hall, Patrik Laine, Jamie BennJake Evans, Jeff CarterPatrik Laine
Extra Defensemen
Normal PowerPlayPenalty Kill
Nikita Zadorov, Jaccob Slavin, Dougie HamiltonMarcus Pettersson, Carl GunnarssonJaccob Slavin
Penalty Shots
Taylor Hall, Jakub Vrana, Alexander Radulov, Patrik Laine, Brendan Gallagher
Goalie
Aaron Dell, Juuse Saros
Custom OT Lines Forwards
Patrik Laine, Jamie Benn, Taylor Hall, Brendan Gallagher, Jakub Vrana, Alexander Radulov, Jeff Carter, Jake Evans, Carter Rowney, Rudolfs Balcers
Custom OT Lines Defensemen
Dougie Hamilton, Jaccob Slavin, Nikita Zadorov, Carl Gunnarsson, Marcus Pettersson
Scratches
Brendan Smith (Healthy), Slater Koekkoek (Healthy), Greg Pateryn (Healthy)

Lightnings

5 vs 5 Forward
Line #Left WingCenterRight WingPHYDFOFWanted %Time %Time Play
1Artemi PanarinEvgeny KuznetsovNick Suzuki0142932%14:17
2David PerronVincent TrocheckTimo Meier1222726%11:48
3Brandon SaadTravis ZajacJesper Fast0232424%10:56
4Mathieu PerreaultSam ReinhartJosh Anderson1222018%8:17
5 vs 5 Defense
Line #DefenseDefensePHYDFOFWanted %Time %Time Play
1Victor HedmanShea Theodore0234241%18:41
2Matt NiskanenMacKenzie Weegar0322932%14:22
3Patrik NemethEthan Bear0412025%11:23
4Victor HedmanMacKenzie Weegar03292%0:52
Power Play Forward
Line #Left WingCenterRight WingPHYDFOFWanted %Time %Time Play
1Artemi PanarinVincent TrocheckSam Reinhart0055056%5:33
2Timo MeierEvgeny KuznetsovJosh Anderson0055044%4:24
Power Play Defense
Line #DefenseDefensePHYDFOFWanted %Time %Time Play
1Victor HedmanDavid Perron0145054%5:23
2MacKenzie WeegarShea Theodore0145046%4:34
Penalty Kill 4 Players Forward
Line #CenterWingPHYDFOFWanted %Time %Time Play
1Travis ZajacBrandon Saad0415039%1:01
2Nick SuzukiJesper Fast1315061%1:37
Penalty Kill 4 Players Defense
Line #DefenseDefensePHYDFOFWanted %Time %Time Play
1Victor HedmanEthan Bear1225062%1:38
2Matt NiskanenMacKenzie Weegar1315038%1:00
Penalty Kill 3 Players
Line #WingPHYDFOFWanted %Time %Time PlayDefenseDefensePHYDFOFWanted %Time %Time Play
1Evgeny Kuznetsov04150100%0:08 Victor HedmanMacKenzie Weegar05050100%0:08
2Vincent Trocheck041500%0:00 Matt NiskanenPatrik Nemeth041500%0:00
4 vs 4 Forward
Line #CenterWingPHYDFOFWanted %Time %Time Play
1Vincent TrocheckArtemi Panarin0235056%1:07
2Nick SuzukiBrandon Saad1225044%0:52
4 vs 4 Defense
Line #DefensePHYDFOFWanted %Time %Time Play
1Victor HedmanPatrik Nemeth1315044%50% - 0:52
2Ethan BearMacKenzie Weegar1225056%50% - 1:07
Last Minutes Offensive
Left WingCenterRight WingDefenseDefense
Artemi PanarinEvgeny KuznetsovTimo MeierVictor HedmanDavid Perron
Last Minutes Defensive
Left WingCenterRight WingDefenseDefense
Brandon SaadTravis ZajacJesper FastVictor HedmanMacKenzie Weegar
Time
Total ForwardTotal DefenseLast Minutes OffensiveLast Minutes Defensive
60:00 60:00 0:000:00
Extra Forwards
Normal PowerPlayPenalty Kill
Josh Anderson, David Perron, Sam ReinhartTravis Zajac, David PerronSam Reinhart
Extra Defensemen
Normal PowerPlayPenalty Kill
Shea Theodore, MacKenzie Weegar, Matt NiskanenShea Theodore, Patrik NemethMatt Niskanen
Penalty Shots
Artemi Panarin, Evgeny Kuznetsov, Nick Suzuki, Sam Reinhart, David Perron
Goalie
Andrei Vasilevskiy, Jack Campbell
Custom OT Lines Forwards
Artemi Panarin, Vincent Trocheck, Evgeny Kuznetsov, David Perron, Nick Suzuki, Timo Meier, Brandon Saad, Sam Reinhart, Josh Anderson, Jesper Fast
Custom OT Lines Defensemen
Victor Hedman, MacKenzie Weegar, Matt Niskanen, Shea Theodore, Patrik Nemeth
Scratches
Jani Hakanpaa (Healthy)


Play-by-Play

1st period


0:01 of 1st period - Jamie Benn wins face-off versus Evgeny Kuznetsov in neutral zone.
0:20 of 1st period - Shot by Artemi Panarin.
0:20 of 1st period - Stopped by Aaron Dell with a rebound.
0:36 of 1st period - Shot by Nick Suzuki.
0:36 of 1st period - Shot Misses the Net.
0:38 of 1st period - Shot by Victor Hedman.
0:38 of 1st period - Stopped by Aaron Dell without a rebound.
0:39 of 1st period - Vincent Trocheck wins face-off versus Jeff Carter in Maple Leafs zone.
0:53 of 1st period - Taylor Hall is hit by Vincent Trocheck and loses puck.
0:55 of 1st period - Minor Penalty to Vincent Trocheck for Holding.
0:56 of 1st period - Jeff Carter wins face-off versus Brandon Saad in Lightnings zone.
1:03 of 1st period - Shot by Patrik Laine.
1:03 of 1st period - Stopped by Andrei Vasilevskiy without a rebound.
1:04 of 1st period - Jamie Benn wins face-off versus Nick Suzuki in Lightnings zone.
1:11 of 1st period - Shot by Jamie Benn.
1:11 of 1st period - Goal by Jamie Benn - Maple Leafs : 1 - Lightnings : 0.
1:12 of 1st period - Jake Evans wins face-off versus Travis Zajac in neutral zone.
1:19 of 1st period - Shot by Rudolfs Balcers.
1:19 of 1st period - Shot Misses the Net.
1:47 of 1st period - Ethan Bear is hit by Jake Evans and loses puck.
2:15 of 1st period - Shot by Brendan Gallagher.
2:15 of 1st period - Stopped by Andrei Vasilevskiy without a rebound.
2:16 of 1st period - Sam Reinhart wins face-off versus Carter Rowney in Lightnings zone.
2:51 of 1st period - Shot by Jaccob Slavin.
2:51 of 1st period - Stopped by Andrei Vasilevskiy with a rebound.
2:53 of 1st period - Shot by Carter Rowney.
2:53 of 1st period - Deflect By Michael Grabner.
2:53 of 1st period - Shot Misses the Net.
4:31 of 1st period - Shot by Nick Suzuki.
4:31 of 1st period - Shot Misses the Net.
4:37 of 1st period - Shot by Artemi Panarin.
4:37 of 1st period - Stopped by Aaron Dell without a rebound.
4:38 of 1st period - Travis Zajac wins face-off versus Jake Evans in Maple Leafs zone.
4:50 of 1st period - Icing by Dougie Hamilton.
4:51 of 1st period - Sam Reinhart wins face-off versus Jake Evans in Maple Leafs zone.
5:02 of 1st period - Shot by Sam Reinhart.
5:02 of 1st period - Stopped by Aaron Dell without a rebound.
5:03 of 1st period - Jamie Benn wins face-off versus Evgeny Kuznetsov in Maple Leafs zone.
6:18 of 1st period - Icing by Jaccob Slavin.
6:19 of 1st period - Travis Zajac wins face-off versus Jake Evans in Maple Leafs zone.
6:27 of 1st period - Icing by Dougie Hamilton.
6:28 of 1st period - Jake Evans wins face-off versus Sam Reinhart in Maple Leafs zone.
6:51 of 1st period - Shot by Rudolfs Balcers.
6:51 of 1st period - Shot Blocked by Matt Niskanen.
6:53 of 1st period - Shot by Jake Evans.
6:53 of 1st period - Shot Misses the Net.
7:31 of 1st period - Shot by Jeff Carter.
7:31 of 1st period - Stopped by Andrei Vasilevskiy without a rebound.
7:32 of 1st period - David Perron wins face-off versus Carter Rowney in Lightnings zone.
7:50 of 1st period - Shot by Shea Theodore.
7:50 of 1st period - Deflect By Timo Meier.
7:50 of 1st period - Stopped by Aaron Dell without a rebound.
7:51 of 1st period - Jeff Carter wins face-off versus Travis Zajac in Maple Leafs zone.
7:51 of 1st period - Jeff Carter is hit by Jesper Fast.
8:01 of 1st period - Jesper Fast is hit by Brendan Gallagher and loses puck.
9:12 of 1st period - Shot by Jamie Benn.
9:12 of 1st period - Shot Blocked by Victor Hedman.
9:14 of 1st period - Shot by Dougie Hamilton.
9:14 of 1st period - Shot Blocked by Victor Hedman.
9:16 of 1st period - Shot by Jaccob Slavin.
9:16 of 1st period - Stopped by Andrei Vasilevskiy without a rebound.
9:17 of 1st period - Carter Rowney wins face-off versus Vincent Trocheck in Lightnings zone.
9:24 of 1st period - Matt Niskanen is hit by Carter Rowney and loses puck.
9:44 of 1st period - Icing by MacKenzie Weegar.
9:45 of 1st period - Vincent Trocheck wins face-off versus Jamie Benn in Lightnings zone.
9:56 of 1st period - Vincent Trocheck is hit by Jaccob Slavin and loses puck.
10:06 of 1st period - Off-side.
10:07 of 1st period - Jeff Carter wins face-off versus Evgeny Kuznetsov in neutral zone.
10:33 of 1st period - Shot by Brendan Gallagher.
10:33 of 1st period - Stopped by Andrei Vasilevskiy with a rebound.
10:39 of 1st period - Shot by Taylor Hall.
10:39 of 1st period - Stopped by Andrei Vasilevskiy without a rebound.
10:40 of 1st period - Travis Zajac wins face-off versus Jake Evans in Lightnings zone.
11:05 of 1st period - Shot by Jesper Fast.
11:05 of 1st period - Shot Misses the Net.
11:11 of 1st period - Shot by Brandon Saad.
11:11 of 1st period - Shot Misses the Net.
11:13 of 1st period - Shot by Brandon Saad.
11:13 of 1st period - Shot Misses the Net.
11:23 of 1st period - Shot by Jesper Fast.
11:23 of 1st period - Stopped by Aaron Dell with a rebound.
11:51 of 1st period - Shot by David Perron.
11:51 of 1st period - Shot Blocked by Jake Evans.
11:53 of 1st period - Shot by Timo Meier.
11:53 of 1st period - Stopped by Aaron Dell without a rebound.
11:54 of 1st period - Jamie Benn wins face-off versus Evgeny Kuznetsov in Maple Leafs zone.
12:53 of 1st period - Shot by Sam Reinhart.
12:53 of 1st period - Shot Misses the Net.
12:59 of 1st period - Sam Reinhart is hit by Patrik Laine and loses puck.
13:10 of 1st period - Shot by Mathieu Perreault.
13:10 of 1st period - Shot Misses the Net.
13:13 of 1st period - Icing by Carl Gunnarsson.
13:14 of 1st period - Vincent Trocheck wins face-off versus Jeff Carter in Maple Leafs zone.
13:23 of 1st period - Shot by Vincent Trocheck.
13:23 of 1st period - Stopped by Aaron Dell without a rebound.
13:24 of 1st period - Travis Zajac wins face-off versus Carter Rowney in Maple Leafs zone.
13:27 of 1st period - Shot by Brandon Saad.
13:27 of 1st period - Shot Blocked by Jaccob Slavin.
13:52 of 1st period - Off-side.
13:53 of 1st period - Vincent Trocheck wins face-off versus Jeff Carter in neutral zone.
14:07 of 1st period - Vincent Trocheck is hit by Marcus Pettersson and loses puck.
14:15 of 1st period - Icing by Taylor Hall.
14:16 of 1st period - Jeff Carter wins face-off versus Josh Anderson in Maple Leafs zone.
14:16 of 1st period - Jeff Carter is hit by Josh Anderson.
15:41 of 1st period - Michael Grabner is hit by Shea Theodore and loses puck.
15:45 of 1st period - Carter Rowney is hit by Victor Hedman and loses puck.
16:04 of 1st period - Nikita Zadorov is hit by Nick Suzuki and loses puck.
16:28 of 1st period - Shot by Patrik Laine.
16:28 of 1st period - Shot Misses the Net.
16:30 of 1st period - Shot by Jake Gardiner.
16:30 of 1st period - Deflect By Patrik Laine.
16:30 of 1st period - Stopped by Andrei Vasilevskiy without a rebound.
16:31 of 1st period - Jake Evans wins face-off versus Vincent Trocheck in Lightnings zone.
16:34 of 1st period - Shot by Rudolfs Balcers.
16:34 of 1st period - Stopped by Andrei Vasilevskiy without a rebound.
16:35 of 1st period - Vincent Trocheck wins face-off versus Jake Evans in Lightnings zone.
16:40 of 1st period - Shot by David Perron.
16:40 of 1st period - Goal by David Perron - Maple Leafs : 1 - Lightnings : 1.
16:41 of 1st period - Vincent Trocheck wins face-off versus Jake Evans in neutral zone.
16:56 of 1st period - Shot by Alexander Radulov.
16:56 of 1st period - Stopped by Andrei Vasilevskiy without a rebound.
16:57 of 1st period - Jamie Benn wins face-off versus Brandon Saad in Lightnings zone.
17:40 of 1st period - Shot by Jesper Fast.
17:40 of 1st period - Goal by Jesper Fast - Maple Leafs : 1 - Lightnings : 2.
17:41 of 1st period - Vincent Trocheck wins face-off versus Alexander Radulov in neutral zone.
18:06 of 1st period - Minor Penalty to Nikita Zadorov for Slashing.
18:07 of 1st period - Carter Rowney wins face-off versus Artemi Panarin in Maple Leafs zone.
18:18 of 1st period - Shot by Sam Reinhart.
18:18 of 1st period - Shot Misses the Net.
18:20 of 1st period - Shot by Artemi Panarin.
18:20 of 1st period - Stopped by Aaron Dell without a rebound.
18:21 of 1st period - Evgeny Kuznetsov wins face-off versus Jamie Benn in Maple Leafs zone.
18:31 of 1st period - Shot by David Perron.
18:31 of 1st period - Shot Misses the Net.
18:33 of 1st period - Shot by Victor Hedman.
18:33 of 1st period - Goal by Victor Hedman - Maple Leafs : 1 - Lightnings : 3.
18:34 of 1st period - Jeff Carter wins face-off versus Brandon Saad in neutral zone.
18:53 of 1st period - Nikita Zadorov is hit by Jesper Fast and loses puck.
19:18 of 1st period - Shot by Shea Theodore.
19:18 of 1st period - Stopped by Aaron Dell without a rebound.
19:19 of 1st period - Vincent Trocheck wins face-off versus Jake Evans in Maple Leafs zone.
19:24 of 1st period - Shot by David Perron.
19:24 of 1st period - Stopped by Aaron Dell with a rebound.
19:39 of 1st period - Icing by David Perron.
19:40 of 1st period - Vincent Trocheck wins face-off versus Jamie Benn in Lightnings zone.
19:57 of 1st period - Shot by Jakub Vrana.
19:57 of 1st period - Stopped by Andrei Vasilevskiy without a rebound.
19:58 of 1st period - Jeff Carter wins face-off versus Evgeny Kuznetsov in Lightnings zone.
Goals for this period are 1 for Maple Leafs vs 3 for Lightnings.
Shots for this period are 12 for Maple Leafs vs 14 for Lightnings.

2nd period


0:01 of 2nd period - Evgeny Kuznetsov wins face-off versus Jeff Carter in neutral zone.
0:04 of 2nd period - Shot by Artemi Panarin.
0:04 of 2nd period - Stopped by Aaron Dell with a rebound.
0:06 of 2nd period - Shot by Victor Hedman.
0:06 of 2nd period - Shot Blocked by Jaccob Slavin.
0:08 of 2nd period - Shot by Nick Suzuki.
0:08 of 2nd period - Stopped by Aaron Dell with a rebound.
0:10 of 2nd period - Shot by Shea Theodore.
0:10 of 2nd period - Stopped by Aaron Dell with a rebound.
0:16 of 2nd period - Shot by Artemi Panarin.
0:16 of 2nd period - Shot Misses the Net.
0:31 of 2nd period - Shot by Artemi Panarin.
0:31 of 2nd period - Stopped by Aaron Dell without a rebound.
0:32 of 2nd period - Jake Evans wins face-off versus Sam Reinhart in Maple Leafs zone.
0:42 of 2nd period - Rudolfs Balcers is hit by MacKenzie Weegar and loses puck.
0:45 of 2nd period - Shot by Rudolfs Balcers.
0:45 of 2nd period - Stopped by Andrei Vasilevskiy with a rebound.
0:48 of 2nd period - Jake Evans is hit by Matt Niskanen and loses puck.
0:56 of 2nd period - Minor Penalty to MacKenzie Weegar for Cross-checking.
0:57 of 2nd period - Travis Zajac wins face-off versus Jamie Benn in Lightnings zone.
1:27 of 2nd period - Minor Penalty to Nick Suzuki for Charging.
1:28 of 2nd period - Jeff Carter wins face-off versus Evgeny Kuznetsov in Lightnings zone.
1:33 of 2nd period - Shot by Marcus Pettersson.
1:33 of 2nd period - Shot Misses the Net.
1:35 of 2nd period - Shot by Marcus Pettersson.
1:35 of 2nd period - Goal by Marcus Pettersson - Maple Leafs : 2 - Lightnings : 3.
1:36 of 2nd period - Sam Reinhart wins face-off versus Jeff Carter in neutral zone.
2:41 of 2nd period - Jake Gardiner is hit by Matt Niskanen and loses puck.
3:25 of 2nd period - Shot by Patrik Laine.
3:25 of 2nd period - Stopped by Andrei Vasilevskiy without a rebound.
3:26 of 2nd period - Jeff Carter wins face-off versus Travis Zajac in Lightnings zone.
3:26 of 2nd period - Jeff Carter is hit by Matt Niskanen.
4:03 of 2nd period - Shot by Carter Rowney.
4:03 of 2nd period - Stopped by Andrei Vasilevskiy without a rebound.
4:04 of 2nd period - Evgeny Kuznetsov wins face-off versus Jake Evans in Lightnings zone.
4:37 of 2nd period - Alexander Radulov is hit by Victor Hedman and loses puck.
6:09 of 2nd period - Icing by Matt Niskanen.
6:10 of 2nd period - Travis Zajac wins face-off versus William Carrier in Lightnings zone.
6:17 of 2nd period - Shot by Carter Rowney.
6:17 of 2nd period - Stopped by Andrei Vasilevskiy without a rebound.
6:18 of 2nd period - Vincent Trocheck wins face-off versus Jake Evans in Lightnings zone.
6:18 of 2nd period - Vincent Trocheck is hit by Jake Evans.
6:31 of 2nd period - Icing by Alexander Radulov.
6:32 of 2nd period - Travis Zajac wins face-off versus Jake Evans in Maple Leafs zone.
6:39 of 2nd period - Shot by Brandon Saad.
6:39 of 2nd period - Shot Blocked by Jake Evans.
6:41 of 2nd period - Shot by Jesper Fast.
6:41 of 2nd period - Deflect By Brandon Saad.
6:41 of 2nd period - Goal by Brandon Saad - Maple Leafs : 2 - Lightnings : 4.
6:41 of 2nd period - Juuse Saros enters game.
6:42 of 2nd period - Vincent Trocheck wins face-off versus Jeff Carter in neutral zone.
6:53 of 2nd period - Shot by Vincent Trocheck.
6:53 of 2nd period - Stopped by Juuse Saros with a rebound.
7:28 of 2nd period - Icing by Taylor Hall.
7:29 of 2nd period - Evgeny Kuznetsov wins face-off versus Jeff Carter in Maple Leafs zone.
7:36 of 2nd period - Shot by Artemi Panarin.
7:36 of 2nd period - Stopped by Juuse Saros without a rebound.
7:37 of 2nd period - Jamie Benn wins face-off versus Evgeny Kuznetsov in Maple Leafs zone.
7:50 of 2nd period - Shot by Artemi Panarin.
7:50 of 2nd period - Deflect By Evgeny Kuznetsov.
7:50 of 2nd period - Stopped by Juuse Saros without a rebound.
7:51 of 2nd period - Travis Zajac wins face-off versus Carter Rowney in Maple Leafs zone.
8:26 of 2nd period - Shot by Carter Rowney.
8:26 of 2nd period - Stopped by Andrei Vasilevskiy without a rebound.
8:27 of 2nd period - Artemi Panarin wins face-off versus Jamie Benn in Lightnings zone.
8:29 of 2nd period - Icing by Nick Suzuki.
8:30 of 2nd period - Jamie Benn wins face-off versus Evgeny Kuznetsov in Lightnings zone.
8:30 of 2nd period - Dougie Hamilton is hit by Victor Hedman and loses puck.
8:59 of 2nd period - Shot by Artemi Panarin.
8:59 of 2nd period - Stopped by Juuse Saros without a rebound.
9:00 of 2nd period - Jeff Carter wins face-off versus Vincent Trocheck in Maple Leafs zone.
9:00 of 2nd period - Taylor Hall is hit by Timo Meier and loses puck.
9:37 of 2nd period - Shot by Vincent Trocheck.
9:37 of 2nd period - Stopped by Juuse Saros without a rebound.
9:38 of 2nd period - Travis Zajac wins face-off versus Jamie Benn in Maple Leafs zone.
10:54 of 2nd period - Icing by Ethan Bear.
10:55 of 2nd period - Jeff Carter wins face-off versus Evgeny Kuznetsov in Lightnings zone.
10:58 of 2nd period - Shot by Taylor Hall.
10:58 of 2nd period - Stopped by Andrei Vasilevskiy without a rebound.
10:59 of 2nd period - Jeff Carter wins face-off versus Sam Reinhart in Lightnings zone.
10:59 of 2nd period - Jeff Carter is hit by Matt Niskanen.
11:32 of 2nd period - Off-side.
11:33 of 2nd period - Jamie Benn wins face-off versus Evgeny Kuznetsov in neutral zone.
12:18 of 2nd period - Minor Penalty to Dougie Hamilton for Hooking.
12:19 of 2nd period - Carter Rowney wins face-off versus Vincent Trocheck in Maple Leafs zone.
12:48 of 2nd period - Shot by Vincent Trocheck.
12:48 of 2nd period - Stopped by Juuse Saros without a rebound.
12:49 of 2nd period - Evgeny Kuznetsov wins face-off versus Jamie Benn in Maple Leafs zone.
13:42 of 2nd period - Icing by Victor Hedman.
13:43 of 2nd period - Jake Evans wins face-off versus Artemi Panarin in Lightnings zone.
14:12 of 2nd period - Shot by Vincent Trocheck.
14:12 of 2nd period - Deflect By Sam Reinhart.
14:12 of 2nd period - Stopped by Juuse Saros with a rebound.
14:45 of 2nd period - Brandon Saad is hit by Dougie Hamilton and loses puck.
15:14 of 2nd period - Icing by Nikita Zadorov.
15:15 of 2nd period - Carter Rowney wins face-off versus Vincent Trocheck in Maple Leafs zone.
15:15 of 2nd period - Carter Rowney is hit by Vincent Trocheck.
15:45 of 2nd period - Shot by David Perron.
15:45 of 2nd period - Deflect By Timo Meier.
15:45 of 2nd period - Goal by Timo Meier - Maple Leafs : 2 - Lightnings : 5.
15:46 of 2nd period - Mathieu Perreault wins face-off versus Rudolfs Balcers in neutral zone.
15:46 of 2nd period - Shea Theodore is hit by Alexander Radulov and loses puck.
15:51 of 2nd period - Carl Gunnarsson is hit by Josh Anderson.
16:13 of 2nd period - Victor Hedman is hit by Jake Evans and loses puck.
16:27 of 2nd period - Minor Penalty to Josh Anderson for Slashing.
16:27 of 2nd period - Minor Penalty to Carl Gunnarsson for Roughing.
16:28 of 2nd period - Taylor Hall wins face-off versus Vincent Trocheck in Maple Leafs zone.
16:28 of 2nd period - Taylor Hall is hit by Vincent Trocheck.
17:27 of 2nd period - Icing by Nikita Zadorov.
17:28 of 2nd period - Nick Suzuki wins face-off versus Alexander Radulov in Maple Leafs zone.
18:21 of 2nd period - Icing by Jakub Vrana.
18:22 of 2nd period - Alexander Radulov wins face-off versus Vincent Trocheck in Maple Leafs zone.
18:54 of 2nd period - Shot by Sam Reinhart.
18:54 of 2nd period - Shot Blocked by Dougie Hamilton.
19:00 of 2nd period - Shot by Josh Anderson.
19:00 of 2nd period - Stopped by Juuse Saros without a rebound.
19:01 of 2nd period - Vincent Trocheck wins face-off versus Carter Rowney in Maple Leafs zone.
19:10 of 2nd period - Shot by Michael Grabner.
19:10 of 2nd period - Deflect By Carter Rowney.
19:10 of 2nd period - Shot Misses the Net.
19:35 of 2nd period - Vincent Trocheck is hit by Carter Rowney and loses puck.
Goals for this period are 1 for Maple Leafs vs 2 for Lightnings.
Shots for this period are 7 for Maple Leafs vs 14 for Lightnings.

3rd period


0:01 of 3rd period - Jamie Benn wins face-off versus Evgeny Kuznetsov in neutral zone.
0:15 of 3rd period - Shot by Nick Suzuki.
0:15 of 3rd period - Shot Blocked by Jaccob Slavin.
0:17 of 3rd period - Shot by Evgeny Kuznetsov.
0:17 of 3rd period - Stopped by Juuse Saros without a rebound.
0:18 of 3rd period - Jake Evans wins face-off versus Vincent Trocheck in Maple Leafs zone.
0:18 of 3rd period - Jake Evans is hit by Vincent Trocheck.
0:38 of 3rd period - Shot by Jake Evans.
0:38 of 3rd period - Shot Misses the Net.
1:01 of 3rd period - Shot by Rudolfs Balcers.
1:01 of 3rd period - Deflect By Alexander Radulov.
1:01 of 3rd period - Stopped by Andrei Vasilevskiy without a rebound.
1:02 of 3rd period - Patrik Laine wins face-off versus Evgeny Kuznetsov in Lightnings zone.
1:05 of 3rd period - Shot by Jakub Vrana.
1:05 of 3rd period - Stopped by Andrei Vasilevskiy without a rebound.
1:06 of 3rd period - Evgeny Kuznetsov wins face-off versus Jamie Benn in Lightnings zone.
2:01 of 3rd period - Off-side.
2:02 of 3rd period - Travis Zajac wins face-off versus Jeff Carter in neutral zone.
2:17 of 3rd period - Shot by Travis Zajac.
2:17 of 3rd period - Shot Blocked by Nikita Zadorov.
2:19 of 3rd period - Shot by Patrik Nemeth.
2:19 of 3rd period - The goal is going for a video replay.
2:19 of 3rd period - The goal is refused.
2:20 of 3rd period - Jake Evans wins face-off versus Vincent Trocheck in Maple Leafs zone.
2:20 of 3rd period - Alexander Radulov is hit by Vincent Trocheck and loses puck.
3:04 of 3rd period - Marcus Pettersson is hit by Matt Niskanen and loses puck.
3:21 of 3rd period - Icing by Matt Niskanen.
3:22 of 3rd period - Vincent Trocheck wins face-off versus Jamie Benn in Lightnings zone.
4:37 of 3rd period - Minor Penalty to Nikita Zadorov for Roughing.
4:38 of 3rd period - Vincent Trocheck wins face-off versus Carter Rowney in Maple Leafs zone.
5:24 of 3rd period - Icing by Timo Meier.
5:25 of 3rd period - Jamie Benn wins face-off versus Evgeny Kuznetsov in Lightnings zone.
5:48 of 3rd period - Shot by Victor Hedman.
5:48 of 3rd period - Stopped by Juuse Saros without a rebound.
5:49 of 3rd period - Carter Rowney wins face-off versus Vincent Trocheck in Maple Leafs zone.
5:49 of 3rd period - Carter Rowney is hit by Vincent Trocheck.
6:05 of 3rd period - Shot by Artemi Panarin.
6:05 of 3rd period - Stopped by Juuse Saros without a rebound.
6:06 of 3rd period - Carter Rowney wins face-off versus Evgeny Kuznetsov in Maple Leafs zone.
6:27 of 3rd period - Shot by Evgeny Kuznetsov.
6:27 of 3rd period - Deflect By Timo Meier.
6:27 of 3rd period - Stopped by Juuse Saros without a rebound.
6:28 of 3rd period - Vincent Trocheck wins face-off versus Jamie Benn in Maple Leafs zone.
6:42 of 3rd period - Icing by Jake Gardiner.
6:43 of 3rd period - Jeff Carter wins face-off versus Travis Zajac in Maple Leafs zone.
7:25 of 3rd period - Icing by Ethan Bear.
7:26 of 3rd period - Travis Zajac wins face-off versus Jamie Benn in Lightnings zone.
7:51 of 3rd period - Shot by Patrik Laine.
7:51 of 3rd period - Stopped by Andrei Vasilevskiy without a rebound.
7:52 of 3rd period - Evgeny Kuznetsov wins face-off versus Jake Evans in Lightnings zone.
8:19 of 3rd period - Shot by Alexander Radulov.
8:19 of 3rd period - Shot Misses the Net.
8:21 of 3rd period - Shot by Marcus Pettersson.
8:21 of 3rd period - Stopped by Andrei Vasilevskiy with a rebound.
8:23 of 3rd period - Shot by Carl Gunnarsson.
8:23 of 3rd period - Stopped by Andrei Vasilevskiy without a rebound.
8:24 of 3rd period - Sam Reinhart wins face-off versus Jeff Carter in Lightnings zone.
8:32 of 3rd period - Shot by Josh Anderson.
8:32 of 3rd period - Stopped by Juuse Saros without a rebound.
8:33 of 3rd period - Taylor Hall wins face-off versus Vincent Trocheck in Maple Leafs zone.
9:11 of 3rd period - Shot by David Perron.
9:11 of 3rd period - Stopped by Juuse Saros without a rebound.
9:12 of 3rd period - Sam Reinhart wins face-off versus Jamie Benn in Maple Leafs zone.
9:16 of 3rd period - Mathieu Perreault is hit by Nikita Zadorov and loses puck.
9:24 of 3rd period - Sam Reinhart is hit by Nikita Zadorov and loses puck.
9:28 of 3rd period - Josh Anderson is hit by Nikita Zadorov and loses puck.
9:31 of 3rd period - Shot by Sam Reinhart.
9:31 of 3rd period - Shot Misses the Net.
9:33 of 3rd period - Shot by Mathieu Perreault.
9:33 of 3rd period - Stopped by Juuse Saros without a rebound.
9:34 of 3rd period - Evgeny Kuznetsov wins face-off versus Jake Evans in Maple Leafs zone.
9:37 of 3rd period - Shot by Artemi Panarin.
9:37 of 3rd period - Deflect By Nick Suzuki.
9:37 of 3rd period - Shot Blocked by Marcus Pettersson.
9:47 of 3rd period - Shot by Artemi Panarin.
9:47 of 3rd period - Shot Misses the Net.
9:58 of 3rd period - Jake Evans is hit by Evgeny Kuznetsov.
10:24 of 3rd period - Icing by Ethan Bear.
10:25 of 3rd period - Evgeny Kuznetsov wins face-off versus Jamie Benn in Lightnings zone.
10:55 of 3rd period - Jaccob Slavin is hit by Victor Hedman and loses puck.
11:12 of 3rd period - Shot by Sam Reinhart.
11:12 of 3rd period - Shot Blocked by Jaccob Slavin.
11:38 of 3rd period - Icing by Jesper Fast.
11:39 of 3rd period - Travis Zajac wins face-off versus Jeff Carter in Lightnings zone.
11:51 of 3rd period - Minor Penalty to Jake Gardiner for Hooking.
11:52 of 3rd period - Carter Rowney wins face-off versus Vincent Trocheck in Maple Leafs zone.
12:08 of 3rd period - Michael Grabner is hit by David Perron.
12:14 of 3rd period - Shot by Carter Rowney.
12:14 of 3rd period - Shot Misses the Net.
12:16 of 3rd period - Shot by Michael Grabner.
12:16 of 3rd period - Shot Blocked by Victor Hedman.
12:29 of 3rd period - Icing by Victor Hedman.
12:30 of 3rd period - Jamie Benn wins face-off versus Vincent Trocheck in Lightnings zone.
12:33 of 3rd period - Shot by Dougie Hamilton.
12:33 of 3rd period - Stopped by Andrei Vasilevskiy with a rebound.
12:35 of 3rd period - Shot by Jake Evans.
12:35 of 3rd period - Stopped by Andrei Vasilevskiy without a rebound.
12:36 of 3rd period - Jamie Benn wins face-off versus Josh Anderson in Lightnings zone.
13:23 of 3rd period - Icing by Timo Meier.
13:24 of 3rd period - Josh Anderson wins face-off versus Michael Grabner in Lightnings zone.
13:31 of 3rd period - Dougie Hamilton is hit by Josh Anderson and loses puck.
13:43 of 3rd period - Icing by David Perron.
13:44 of 3rd period - Sam Reinhart wins face-off versus Jamie Benn in Lightnings zone.
13:49 of 3rd period - Shot by Vincent Trocheck.
13:49 of 3rd period - Shot Blocked by Nikita Zadorov.
14:01 of 3rd period - Shot by Jesper Fast.
14:01 of 3rd period - Deflect By Brandon Saad.
14:01 of 3rd period - Shot Misses the Net.
14:13 of 3rd period - Shot by Brandon Saad.
14:13 of 3rd period - Stopped by Juuse Saros without a rebound.
14:14 of 3rd period - Jake Evans wins face-off versus Evgeny Kuznetsov in Maple Leafs zone.
15:12 of 3rd period - Brendan Gallagher is hit by Artemi Panarin and loses puck.
15:26 of 3rd period - Victor Hedman is hit by Jeff Carter and loses puck.
15:39 of 3rd period - Shot by Jeff Carter.
15:39 of 3rd period - Shot Blocked by Victor Hedman.
15:41 of 3rd period - Shot by Taylor Hall.
15:41 of 3rd period - Stopped by Andrei Vasilevskiy without a rebound.
15:42 of 3rd period - Vincent Trocheck wins face-off versus Jamie Benn in Lightnings zone.
15:42 of 3rd period - Vincent Trocheck is hit by Jamie Benn.
15:49 of 3rd period - David Perron is hit by Patrik Laine.
15:52 of 3rd period - Minor Penalty to Nikita Zadorov for Interference.
15:53 of 3rd period - Vincent Trocheck wins face-off versus Jamie Benn in Maple Leafs zone.
16:11 of 3rd period - Icing by Travis Zajac.
16:12 of 3rd period - Vincent Trocheck wins face-off versus Jamie Benn in Lightnings zone.
16:33 of 3rd period - Shot by David Perron.
16:33 of 3rd period - Shot Blocked by Carl Gunnarsson.
17:53 of 3rd period - Icing by Timo Meier.
17:54 of 3rd period - Jeff Carter wins face-off versus Travis Zajac in Lightnings zone.
18:25 of 3rd period - Minor Penalty to Nikita Zadorov for Interference.
18:26 of 3rd period - Vincent Trocheck wins face-off versus Carter Rowney in Maple Leafs zone.
19:02 of 3rd period - Icing by Victor Hedman.
19:03 of 3rd period - Jamie Benn wins face-off versus Vincent Trocheck in Lightnings zone.
19:20 of 3rd period - Shot by David Perron.
19:20 of 3rd period - Stopped by Juuse Saros without a rebound.
19:20 of 3rd period - Minor Penalty to Juuse Saros for Delaying the game.
19:21 of 3rd period - Patrik Laine wins face-off versus Evgeny Kuznetsov in Maple Leafs zone.
19:45 of 3rd period - Shot by Patrik Laine.
19:45 of 3rd period - Stopped by Andrei Vasilevskiy without a rebound.
19:46 of 3rd period - Vincent Trocheck wins face-off versus Carter Rowney in Lightnings zone.
19:54 of 3rd period - Shot by David Perron.
19:54 of 3rd period - Stopped by Juuse Saros without a rebound.
19:55 of 3rd period - Evgeny Kuznetsov wins face-off versus Carter Rowney in Maple Leafs zone.
19:58 of 3rd period - Shot by Shea Theodore.
19:58 of 3rd period - Shot Blocked by Carl Gunnarsson.
Goals for this period are 0 for Maple Leafs vs 0 for Lightnings.
Shots for this period are 9 for Maple Leafs vs 11 for Lightnings.